[Event "Titled Tuesday Blitz June 20 Late 2023"]
[White "Santos Flores, Alberto"]
[Black "Cuenca Jimenez, Jose Fernando"]
[WhiteFideId "3601234"]
[BlackFideId "2255570"]
[WhiteElo "2235"]
[BlackElo "2418"]
[Result "1-0"]
[Round "10"]
[TimeControl "180+2"]
[Date "2023.06.20"]
[WhiteClock "0:00:11"]
[BlackClock "0:00:00"]
[Board "48"]

1. e4 d6 2. d4 Nf6 3. Nc3 e5 4. Nf3 Nbd7 5. Bc4 Be7 6. O-O O-O 7. a4 c6 8. Re1 b6 9. Bg5 a6 10. dxe5 dxe5 11. Nh4 Rb8 12. Nf5 Bb4 13. Qf3 b5 14. axb5 axb5 15. Bb3 Nc5 16. Nh6+ Kh8 17. Nxf7+ Rxf7 18. Bxf7 Qe7 19. Ba2 Ne6 20. Bxe6 Bxe6 21. Bxf6 gxf6 22. Red1 Rg8 23. h3 Bc5 24. Kh2 Qg7 25. Ne2 f5 26. exf5 Bd5 27. Rxd5 cxd5 28. Qxd5 Bxf2 29. Rf1 Bh4 30. Kh1 Bf6 31. Nc3 Qg3 32. Qf3 Qh4 33. Ne4 Rf8 34. Qg3 Qxe4 35. c3 Rg8 36. Qf3 Qxf3 37. Rxf3 Rd8 38. Rf2 Kg7 39. Re2 Kf7 40. g4 Rd3 41. Kg2 h6 42. h4 Bxh4 43. Rxe5 Rg3+ 44. Kh2 Rxg4 45. Rxb5 Be7 46. Kh3 Rc4 47. Rd5 Kf6 48. Kg3 h5 49. Kh3 Rg4 50. b4 1-0


[Site "https://www.chess.com"]

[Event "Titled Tuesday Blitz June 20 Late 2023"]
[White "Papayan, Oleg"]
[Black "Korchmar, Vasiliy"]
[WhiteFideId "4193911"]
[BlackFideId "24131750"]
[WhiteElo "2167"]
[BlackElo "2370"]
[Result "0-1"]
[Round "10"]
[TimeControl "180+2"]
[Date "2023.06.20"]
[WhiteClock "0:00:00"]
[BlackClock "0:00:05"]
[Board "49"]

1. e4 c5 2. d4 cxd4 3. Qxd4 Nc6 4. Qd3 g6 5. Nc3 Bg7 6. Nf3 Nf6 7. Be2 O-O 8. O-O d6 9. Nd5 Nd7 10. c3 Nc5 11. Qc2 f5 12. exf5 Bxf5 13. Qd1 Kh8 14. Re1 e6 15. Ne3 d5 16. Nxf5 gxf5 17. Be3 Ne4 18. Nd4 Nxd4 19. Bxd4 e5 20. Be3 f4 21. Bc1 Qb6 22. Rf1 d4 23. cxd4 exd4 24. Bd3 Ng5 25. Qg4 Qh6 26. Re1 Rf6 27. Re7 Rg8 28. h4 Ne6 29. Rxe6 Rxe6 30. Bxf4 Qf6 31. Bg5 Qf7 32. Bc4 Re1+ 33. Rxe1 Qxc4 34. Qe6 Qc2 35. Qe2 Qf5 36. Qf3 Qc2 37. Qe2 Qg6 38. Qd2 h6 39. Bf4 Bf6 40. Bg3 Bxh4 41. Re4 Bf6 42. Rf4 Be5 43. Rf3 Bg7 44. Rd3 h5 45. f4 Bf6 46. Rf3 h4 47. Be1 Qg4 48. Rh3 Qxh3 49. Kf1 Qg4 50. Qf2 Qf5 51. Bd2 Qd3+ 52. Kg1 Qb1+ 53. Kh2 Qf5 54. Qf3 Qg4 55. Qxb7 Qg3+ 56. Kh1 h3 57. f5 Qxg2+ 58. Qxg2 Rxg2 59. Bg5 Bxg5 0-1


[Site "https://www.chess.com"]

[Event "Titled Tuesday Blitz June 20 Late 2023"]
[White "Fiedorek, Michal"]
[Black "Kakabayev, Mergen"]
[WhiteFideId "1199528"]
[BlackFideId "14002990"]
[WhiteElo "2135"]
[BlackElo "2240"]
[Result "0-1"]
[Round "10"]
[TimeControl "180+2"]
[Date "2023.06.20"]
[WhiteClock "0:00:00"]
[BlackClock "0:00:19"]
[Board "50"]

1. e4 e5 2. Nf3 Nc6 3. Bc4 Nf6 4. d3 Bc5 5. c3 d6 6. O-O a6 7. a4 Ba7 8. Nbd2 O-O 9. h3 Ne7 10. d4 exd4 11. cxd4 d5 12. exd5 Nexd5 13. Re1 c6 14. Nf1 a5 15. Bg5 h6 16. Bh4 Be6 17. Ne5 Qb6 18. Bxf6 Nxf6 19. Bxe6 fxe6 20. Nf3 Rae8 21. Qc2 Nd5 22. Rad1 Qb4 23. Ne3 Nf4 24. Qe4 Qxa4 25. Ng4 Qb3 26. Nge5 Qd5 27. Qe3 Rf5 28. Ng4 Nxh3+ 29. gxh3 Rxf3 30. Qe4 Ref8 31. Nxh6+ Kh8 32. Qh4 R3f4 33. Nf7+ Kg8 34. Qxf4 Rxf7 35. Qg3 Bxd4 36. Rd2 e5 37. Rde2 Rf3 38. Qg2 Qf7 39. Rf1 Qf4 40. Qg4 Rg3+ 0-1


[Site "https://www.chess.com"]

[Event "Titled Tuesday Blitz June 20 Late 2023"]
[White "Nikologorsky, Matfei"]
[Black "Spata, German"]
[WhiteFideId "24102474"]
[BlackFideId "113026"]
[WhiteElo "2153"]
[BlackElo "2260"]
[Result "1-0"]
[Round "10"]
[TimeControl "180+2"]
[Date "2023.06.20"]
[WhiteClock "0:00:18"]
[BlackClock "0:00:00"]
[Board "51"]

1. e4 c5 2. Nf3 e6 3. d4 cxd4 4. Nxd4 Nf6 5. Nc3 Bb4 6. Bd3 d5 7. e5 Nfd7 8. Qe2 Nc6 9. Nxc6 bxc6 10. O-O O-O 11. f4 c5 12. Qg4 c4 13. Be2 Rb8 14. Rf3 f5 15. Qh5 g6 16. Qh6 Nc5 17. Rh3 Rf7 18. Be3 a5 19. Kh1 Bd7 20. Nxd5 exd5 21. c3 Ne6 22. cxb4 axb4 23. Rd1 Qa5 24. Rg3 Qxa2 25. Rxd5 Qxb2 26. Bxc4 Rc8 27. Rxd7 Rxd7 28. Bxe6+ Kh8 29. h4 Rc1+ 30. Kh2 Rd8 31. Rxg6 Rh1+ 32. Kxh1 Rd1+ 33. Kh2 1-0


[Site "https://www.chess.com"]

[Event "Titled Tuesday Blitz June 20 Late 2023"]
[White "Sivakumar, Shaaketh"]
[Black "Sun, Rick"]
[WhiteFideId "30940176"]
[BlackFideId "30909481"]
[WhiteElo "2174"]
[BlackElo "2169"]
[Result "0-1"]
[Round "10"]
[TimeControl "180+2"]
[Date "2023.06.20"]
[WhiteClock "0:00:17"]
[BlackClock "0:00:06"]
[Board "52"]

1. d4 d6 2. e4 Nf6 3. Nc3 Nbd7 4. Nf3 e5 5. h3 c6 6. Be2 b5 7. a3 Be7 8. O-O O-O 9. Be3 a5 10. Qd2 Qc7 11. d5 Bb7 12. dxc6 Bxc6 13. Nxb5 Qb8 14. c4 Nxe4 15. Qc2 Nec5 16. Nc3 f5 17. Rad1 f4 18. Bc1 a4 19. Nd2 Nb3 20. Bf3 Nd4 21. Qd3 Nxf3+ 22. Nxf3 Nc5 23. Qe2 e4 24. Nd4 Bb7 25. f3 e3 26. Nd5 Bxd5 27. cxd5 Bf6 28. Qc4 Qb7 29. Ne2 g5 30. g3 Be5 31. gxf4 gxf4 32. Kh2 Kh8 33. Rg1 Rg8 34. Nxf4 Qa6 35. Rxg8+ Rxg8 36. Qxa6 Bxf4+ 37. Kh1 Nxa6 38. Rd4 e2 39. Re4 Bxc1 40. Rxe2 Bf4 41. Re4 Be5 42. Rxa4 Nc5 43. Rg4 Rxg4 44. hxg4 Bxb2 45. a4 Nxa4 0-1


[Site "https://www.chess.com"]

[Event "Titled Tuesday Blitz June 20 Late 2023"]
[White "Ashraf, Artin"]
[Black "Buchenau, Frank"]
[WhiteFideId "22514805"]
[BlackFideId "4604350"]
[WhiteElo "2224"]
[BlackElo "2157"]
[Result "1-0"]
[Round "10"]
[TimeControl "180+2"]
[Date "2023.06.20"]
[WhiteClock "0:01:14"]
[BlackClock "0:00:02"]
[Board "53"]

1. e4 e6 2. d3 d5 3. Nd2 Nf6 4. g3 dxe4 5. dxe4 b6 6. Bg2 e5 7. Ngf3 Nbd7 8. O-O Ba6 9. Re1 Bc5 10. h3 O-O 11. c3 Bb7 12. b4 Bd6 13. a3 a5 14. Bb2 axb4 15. cxb4 Qe7 16. Qb3 b5 17. Bf1 c6 18. Nh4 g6 19. Red1 Nb6 20. Rac1 Rfd8 21. Nhf3 Na4 22. Ba1 Rab8 23. Qe3 Bc7 24. Nb3 Bb6 25. Qe1 Nh5 26. Bxe5 Ra8 27. Bd4 Bxd4 28. Rxd4 Rxd4 29. Nfxd4 Nf6 30. f3 Rc8 31. Nc5 Ba8 32. Nxa4 bxa4 33. Rc5 Qd6 34. Qf2 Rd8 35. e5 Qxd4 36. Qxd4 Rxd4 37. exf6 Rd6 38. Ra5 Bb7 39. Ra7 Bc8 40. Ra8 Rd8 41. Ba6 1-0


[Site "https://www.chess.com"]

[Event "Titled Tuesday Blitz June 20 Late 2023"]
[White "Wang, Isaac"]
[Black "Martic, Ivan"]
[WhiteFideId "30977185"]
[BlackFideId "929301"]
[WhiteElo "2433"]
[BlackElo "2346"]
[Result "1-0"]
[Round "10"]
[TimeControl "180+2"]
[Date "2023.06.20"]
[WhiteClock "0:02:07"]
[BlackClock "0:02:06"]
[Board "54"]

1. d4 d5 2. c4 c6 3. Nc3 Nf6 4. Nf3 dxc4 5. e4 b5 6. Be2 e6 7. a4 Bb4 8. O-O Bxc3 9. bxc3 O-O 10. Qc2 Nbd7 11. e5 Nd5 12. Ng5 g6 13. Ne4 f5 14. Nd6 N7b6 15. Bh6 Nxa4 16. Bxf8 Qxf8 17. Bxc4 Naxc3 18. Bxd5 Nxd5 19. Qxc6 Nb6 20. Qxb6 axb6 21. Rxa8 Kg7 22. Rxc8 Qe7 23. Rc7 1-0


[Site "https://www.chess.com"]

[Event "Titled Tuesday Blitz June 20 Late 2023"]
[White "Martins, Bruno Andre Leite"]
[Black "Mazurkiewicz, Michal"]
[WhiteFideId "1942255"]
[BlackFideId "1124943"]
[WhiteElo "2241"]
[BlackElo "2063"]
[Result "0-1"]
[Round "10"]
[TimeControl "180+2"]
[Date "2023.06.20"]
[WhiteClock "0:00:23"]
[BlackClock "0:00:12"]
[Board "55"]

1. d4 Nf6 2. c4 e5 3. dxe5 Ng4 4. e6 dxe6 5. Qxd8+ Kxd8 6. Bg5+ f6 7. Bd2 Bc5 8. e3 Nc6 9. Nf3 e5 10. a3 a5 11. Nc3 Be6 12. Be2 a4 13. O-O-O Kc8 14. Ne4 Be7 15. h3 Nh6 16. Nc3 Nf7 17. Nd5 Bc5 18. Bc3 Nd6 19. g4 Na5 20. Nd2 Rd8 21. Kc2 c6 22. Bxa5 Rxa5 23. Nc3 Ra8 24. Bd3 g6 25. Nde4 Nxe4 26. Nxe4 Be7 27. Ng3 Kc7 28. f3 Bc5 29. Rhe1 Rd7 30. Ne4 Be7 31. Be2 Rad8 32. Rxd7+ Rxd7 33. Nc3 f5 34. Nxa4 Bh4 35. Rd1 Rxd1 36. Kxd1 b6 37. Nc3 Bf2 38. Kd2 h5 39. Nd1 Bg1 40. gxh5 gxh5 41. Ke1 f4 42. exf4 exf4 43. Bf1 Bd4 44. Kd2 Kd6 45. Kd3 Bf6 46. Nc3 Bxc3 47. Kxc3 h4 48. b4 c5 49. Kd3 Bf5+ 50. Kc3 Be6 51. Kb3 Bd7 52. b5 Ke5 53. Kc3 Bc8 54. a4 Bb7 55. Be2 Bc8 56. Bf1 Bb7 57. Bg2 Bc8 58. Kd3 Bf5+ 59. Kc3 Bc8 60. a5 bxa5 61. Kb3 Kd4 62. Ka4 Kxc4 63. Kxa5 Kd4 64. Kb6 c4 65. Kc7 c3 66. Kxc8 c2 67. b6 c1=Q+ 68. Kd7 Qb2 69. Kc7 Ke3 70. b7 Kf2 71. Bh1 Kg1 72. b8=Q Qxb8+ 73. Kxb8 Kxh1 74. Kc7 Kg2 75. Kd6 Kxf3 76. Ke5 Kg3 77. Ke4 f3 78. Ke3 f2 79. Ke2 Kg2 80. Ke3 f1=Q 81. Ke4 Qf3+ 82. Kd4 Qe2 83. Kc5 Qd3 84. Kb6 Qc4 85. Ka7 Qb5 86. Ka8 Kf3 87. Ka7 Ke4 88. Ka8 Kd5 89. Ka7 Kc6 90. Ka8 Qb7# 0-1


[Site "https://www.chess.com"]

[Event "Titled Tuesday Blitz June 20 Late 2023"]
[White "Bernabeu Lopez, Carlos Javier"]
[Black "Stachanczyk, Jacek"]
[WhiteFideId "2235366"]
[BlackFideId "1116657"]
[WhiteElo "2344"]
[BlackElo "2084"]
[Result "1-0"]
[Round "10"]
[TimeControl "180+2"]
[Date "2023.06.20"]
[WhiteClock "0:01:34"]
[BlackClock "0:00:46"]
[Board "56"]

1. Nf3 c5 2. e4 Nc6 3. Bb5 g6 4. O-O Bg7 5. Bxc6 bxc6 6. Re1 Nh6 7. Nc3 f6 8. d4 cxd4 9. Qxd4 Nf7 10. Qd2 O-O 11. b3 d6 12. Bb2 Ne5 13. Nd4 c5 14. Nde2 h5 15. Nd5 Kh7 16. Nef4 a5 17. Nd3 Bh6 18. Qe2 a4 19. Nxe5 fxe5 20. Bc1 Be6 21. Bxh6 Kxh6 22. Qd2+ Kh7 23. Ne3 Qa5 24. Qxa5 Rxa5 25. Rac1 Kg7 26. h4 Rf4 27. f3 Rf8 28. Kf2 axb3 29. axb3 Ra2 30. Ra1 Rfa8 31. Rxa2 Rxa2 32. Rb1 Kf6 33. Ke2 Kf7 34. Kd3 Bd7 35. Nd1 Bb5+ 36. Kd2 Bf1 37. Nc3 1-0


[Site "https://www.chess.com"]

[Event "Titled Tuesday Blitz June 20 Late 2023"]
[White "Pinero Rodriguez, Carlos Jose"]
[Black "TimGrutter03"]
[WhiteFideId "3901726"]
[WhiteElo "2146"]
[BlackElo "2616"]
[Result "0-1"]
[Round "10"]
[TimeControl "180+2"]
[Date "2023.06.20"]
[WhiteClock "0:01:51"]
[BlackClock "0:01:44"]
[Board "57"]

1. b3 Nh6 2. Bb2 d6 3. Nf3 e5 4. c4 g6 5. e3 Bg7 6. Qc2 O-O 7. d3 a5 8. a3 f5 9. Nbd2 Nc6 10. h3 Be6 11. Be2 Qe7 12. O-O g5 13. Nh2 g4 14. hxg4 fxg4 15. Ne4 Qh4 16. g3 Qh3 17. Rfe1 Bf5 18. Bf1 Qh5 19. Bg2 Nf7 20. Bc3 Bxe4 21. Bxe4 Ng5 22. Bd5+ Kh8 23. Qd1 Nh3+ 24. Kg2 Rxf2+ 0-1


[Site "https://www.chess.com"]

[Event "Titled Tuesday Blitz June 20 Late 2023"]
[White "Taranenko, Evgueniy"]
[Black "Gubajdullin, Alexei"]
[WhiteFideId "14122138"]
[BlackFideId "4141202"]
[WhiteElo "2101"]
[BlackElo "2279"]
[Result "0-1"]
[Round "10"]
[TimeControl "180+2"]
[Date "2023.06.20"]
[WhiteClock "0:00:21"]
[BlackClock "0:00:07"]
[Board "58"]

1. e4 g6 2. d4 d6 3. Nc3 c6 4. f4 Qb6 5. Nf3 Bg4 6. Be2 Bg7 7. e5 Nh6 8. Ne4 Nf5 9. c3 d5 10. Nc5 e6 11. Ng5 Bxe2 12. Qxe2 h6 13. Ngxe6 fxe6 14. Nxe6 Kf7 15. Nc5 Na6 16. g4 Ne7 17. f5 Nxc5 18. dxc5 Qxc5 19. f6 Bxf6 20. exf6 Nc8 21. Be3 Qa5 22. O-O Re8 23. Qf3 Nd6 24. Qh3 Rh8 25. g5 Qc7 26. gxh6 Qc8 27. Qxc8 Raxc8 28. Bxa7 Rxh6 29. Rae1 Nf5 30. Bd4 Rh4 31. Re7+ Nxe7 32. fxe7+ Kg8 33. Bc5 Rh8 34. Rf8+ Kh7 35. Rxh8+ Kxh8 36. Bb6 Re8 37. Bd8 Kg7 38. Kf2 Kf7 39. Ke3 Rh8 40. Kd4 Rxh2 41. Kc5 Rxb2 42. Kd6 Ke8 43. a4 g5 44. Ke5 g4 45. Kf4 Rc2 46. Kxg4 Rxc3 47. Kf5 Rc4 48. a5 Rb4 49. Ke5 d4 50. Ke4 Kd7 51. Bb6 Ra4 52. Kd3 Kxe7 53. Bxd4 Kd6 54. Bb6 Kd5 55. Kc3 c5 56. Kb3 Rd4 57. Kc3 Re4 58. Kb3 Re3+ 59. Ka4 Rd3 60. Kb5 c4 61. Kb4 Rb3+ 62. Ka4 Rb1 63. Ka3 c3 64. Ka2 c2 65. a6 c1=Q 66. Bd4 Qc2+ 67. Ka3 Qb3# 0-1


[Site "https://www.chess.com"]

[Event "Titled Tuesday Blitz June 20 Late 2023"]
[White "Buscar, Michael"]
[Black "Xu, Yi"]
[WhiteFideId "2603616"]
[BlackFideId "8605564"]
[WhiteElo "2010"]
[BlackElo "2460"]
[Result "1-0"]
[Round "10"]
[TimeControl "180+2"]
[Date "2023.06.20"]
[WhiteClock "0:00:20"]
[BlackClock "0:00:00"]
[Board "59"]

1. d4 Nf6 2. c4 e6 3. Nc3 Bb4 4. e3 d5 5. Bd3 O-O 6. Nf3 c5 7. O-O Nc6 8. a3 Bxc3 9. bxc3 b6 10. cxd5 exd5 11. Bb2 Bg4 12. Qa4 Qd7 13. Nd2 Rac8 14. Bb5 Bf5 15. c4 cxd4 16. Bxd4 Ne4 17. Nxe4 dxe4 18. Rfd1 Qb7 19. Ba6 Qe7 20. Bxc8 Rxc8 21. Rac1 Qg5 22. Kh1 Bg4 23. Rd2 h5 24. Qb5 Qg6 25. Bb2 Na5 26. c5 h4 27. h3 Be6 28. cxb6 Rxc1+ 29. Bxc1 axb6 30. Qxb6 Nc4 31. Rd8+ Kh7 32. Qb8 Qf5 33. Qf4 Qh5 34. Qxe4+ g6 35. Qd4 1-0


[Site "https://www.chess.com"]

[Event "Titled Tuesday Blitz June 20 Late 2023"]
[White "Banzea, Alexandru-Bogdan"]
[Black "Uzcategui Rodriguez, Alejandro"]
[WhiteFideId "1232622"]
[BlackFideId "3903400"]
[WhiteElo "2294"]
[BlackElo "2252"]
[Result "1-0"]
[Round "10"]
[TimeControl "180+2"]
[Date "2023.06.20"]
[WhiteClock "0:00:14"]
[BlackClock "0:00:00"]
[Board "60"]

1. d4 Nf6 2. Nc3 e6 3. Bf4 d5 4. Nb5 Na6 5. e3 Be7 6. c4 O-O 7. Nc3 c5 8. Nf3 Nb4 9. a3 Nc6 10. Rc1 cxd4 11. exd4 b6 12. Bd3 dxc4 13. Bxc4 Bb7 14. O-O Rc8 15. Ba2 a6 16. Re1 Na5 17. Qd3 b5 18. Ne5 Nd5 19. Bb1 g6 20. Bh6 Bg5 21. Qh3 Bxh6 22. Qxh6 Qf6 23. Nd7 Qxd4 24. Nxd5 Bxd5 25. Nxf8 Rxf8 26. Rc3 Nc4 27. Qc1 Qg4 28. Rg3 Qh4 29. b3 Nd6 30. Qc5 Qe7 31. Qxd5 exd5 32. Rxe7 Rc8 33. Re1 a5 34. Rd3 Rc5 35. Red1 Ne4 36. Rxd5 1-0


[Site "https://www.chess.com"]

[Event "Titled Tuesday Blitz June 20 Late 2023"]
[White "Sreyas Payyappat"]
[Black "Jovic, Stanoje"]
[WhiteFideId "46674969"]
[BlackFideId "905020"]
[WhiteElo "2043"]
[BlackElo "2236"]
[Result "1-0"]
[Round "10"]
[TimeControl "180+2"]
[Date "2023.06.20"]
[WhiteClock "0:00:39"]
[BlackClock "0:00:00"]
[Board "61"]

1. e4 c6 2. d4 d5 3. Nc3 dxe4 4. Nxe4 Nf6 5. Nxf6+ exf6 6. Bc4 Bd6 7. Qe2+ Qe7 8. Qxe7+ Kxe7 9. Ne2 Be6 10. Bd3 b5 11. Bf4 Nd7 12. O-O-O a5 13. Rhe1 a4 14. Kb1 Nb6 15. c3 Nd5 16. Bc1 g5 17. Ng3 h5 18. Ne4 g4 19. g3 h4 20. Re2 a3 21. Rde1 axb2 22. Bxb2 f5 23. Ng5 hxg3 24. hxg3 Kd7 25. Nxe6 fxe6 26. Rxe6 Raf8 27. c4 bxc4 28. Bxc4 Rf7 29. Rg6 Rh2 30. Ree6 Rh1+ 31. Kc2 Nb4+ 32. Kb3 Bf8 33. a3 Nd5 34. Rxc6 Ne7 35. Rgd6+ Ke8 36. Bxf7+ Kxf7 37. Rf6+ Ke8 38. Rce6 Rf1 39. d5 Rxf2 40. d6 Kd7 41. dxe7 Bxe7 42. Rg6 Rf3+ 43. Bc3 Rxg3 44. a4 f4 45. Re4 f3 46. Rgxg4 1-0


[Site "https://www.chess.com"]

[Event "Titled Tuesday Blitz June 20 Late 2023"]
[White "ElDivis"]
[Black "Jiang, Andrew"]
[BlackFideId "30953510"]
[WhiteElo "2535"]
[BlackElo "1883"]
[Result "1-0"]
[Round "10"]
[TimeControl "180+2"]
[Date "2023.06.20"]
[WhiteClock "0:00:04"]
[BlackClock "0:00:03"]
[Board "62"]

1. e4 e5 2. Nf3 Nc6 3. Bc4 Bc5 4. Nc3 Nf6 5. Nd5 Nxe4 6. Qe2 Nd6 7. Nxe5 O-O 8. Nxc6 dxc6 9. Ne3 Qg5 10. O-O Bh3 11. f4 Qg6 12. Bd3 f5 13. Kh1 Bg4 14. Nxg4 Qxg4 15. Qxg4 fxg4 16. c3 Rae8 17. b4 Bb6 18. a4 a6 19. a5 Ba7 20. Bc2 Re2 21. Bd1 Ree8 22. d4 h5 23. Bd2 Ne4 24. Be1 g5 25. f5 Nd6 26. Bb3+ Kg7 27. Bg3 Rxf5 28. Be5+ Kh6 29. Bc2 Rfxe5 30. Rf6+ Kg7 31. Rg6+ Kf7 32. dxe5 Rxe5 33. Rf1+ Ke8 34. Rg7 Re7 35. Rxg5 Nb5 36. Bg6+ Kd7 37. Bf5+ Ke8 38. Rg8+ Kf7 39. Bh7+ Ke6 40. Re1+ Kf6 41. Rg6+ Kf7 42. Rxe7+ Kxe7 43. c4 Nd6 44. Rg7+ Kd8 45. Bd3 c5 46. bxc5 Bxc5 47. Rh7 Bb4 48. Rxh5 Bxa5 49. Rxa5 1-0


[Site "https://www.chess.com"]

[Event "Titled Tuesday Blitz June 20 Late 2023"]
[White "Gomez Barrera, Javiera Belen"]
[Black "D`Arruda, Ricardo D."]
[WhiteFideId "3418723"]
[BlackFideId "100692"]
[WhiteElo "2119"]
[BlackElo "2534"]
[Result "1-0"]
[Round "10"]
[TimeControl "180+2"]
[Date "2023.06.20"]
[WhiteClock "0:00:55"]
[BlackClock "0:00:06"]
[Board "63"]

1. e4 c5 2. Nf3 Nc6 3. d4 cxd4 4. Nxd4 e5 5. Nb5 a6 6. Nd6+ Bxd6 7. Qxd6 Qe7 8. Qd1 Nf6 9. Nc3 d6 10. Bg5 Be6 11. Be2 O-O 12. O-O h6 13. Bxf6 Qxf6 14. Nd5 Bxd5 15. Qxd5 Rac8 16. c3 Rfd8 17. Rad1 Qe6 18. Qxe6 fxe6 19. Bg4 Kf7 20. Rd3 Ke7 21. Rfd1 Na5 22. b3 b5 23. Be2 Nc6 24. Rg3 g5 25. h4 Rg8 26. hxg5 hxg5 27. Rh3 Rg7 28. Bg4 Rf8 29. Rh6 Nd8 30. g3 Rgf7 31. Rd2 Rg7 32. Kg2 Re8 33. c4 b4 34. c5 dxc5 35. Rh1 Nc6 36. Rc1 Nd4 37. Rxc5 Kf6 38. Ra5 Ra7 39. Rd1 Rc8 40. Rh1 Rc2 41. Rh6+ Kg7 42. Rh5 Kf6 43. Rh8 Nc6 44. Ra4 a5 45. Rh6+ Kg7 46. Rxe6 Nd4 47. Rxe5 Rf7 48. Rxg5+ Kh6 49. Rh5+ Kg6 50. Rf5 Nxf5 51. Bxf5+ Kg7 52. Rxa5 Rfc7 53. e5 Re2 54. e6 Kf6 55. g4 Rc1 56. Ra7 Rd1 57. Rf7+ Kg5 58. Kg3 Rg1+ 59. Kf3 Rxa2 60. e7 Re1 61. Be4 Rxe4 62. Kxe4 Kxg4 63. Rg7+ Kh4 64. Kf3 1-0


[Site "https://www.chess.com"]

[Event "Titled Tuesday Blitz June 20 Late 2023"]
[White "Omariev, Maksim"]
[Black "Novikov, Evgenij"]
[WhiteFideId "4193423"]
[BlackFideId "4125380"]
[WhiteElo "2426"]
[BlackElo "2242"]
[Result "0-1"]
[Round "10"]
[TimeControl "180+2"]
[Date "2023.06.20"]
[WhiteClock "0:00:00"]
[BlackClock "0:00:55"]
[Board "64"]

1. g4 g5 2. Bg2 Bg7 3. d4 h6 4. c4 c6 5. Nc3 d6 6. h3 Nd7 7. e4 Nf8 8. Nge2 Ng6 9. Be3 Qa5 10. Qd2 Be6 11. d5 Bd7 12. O-O c5 13. Rab1 h5 14. f3 Nh4 15. Bxg5 Nxg2 16. Kxg2 a6 17. a3 b5 18. b4 cxb4 19. axb4 Qc7 20. c5 dxc5 21. bxc5 Qxc5 22. Rfc1 hxg4 23. hxg4 Be5 24. f4 Bxg4 25. fxe5 Rh2+ 26. Kg3 Qf2+ 27. Kxg4 Rg2+ 0-1


[Site "https://www.chess.com"]

[Event "Titled Tuesday Blitz June 20 Late 2023"]
[White "Berezin, Viktor"]
[Black "ArchibaldCerveza29"]
[WhiteFideId "14107872"]
[WhiteElo "2310"]
[BlackElo "2447"]
[Result "1-0"]
[Round "10"]
[TimeControl "180+2"]
[Date "2023.06.20"]
[WhiteClock "0:00:53"]
[BlackClock "0:00:22"]
[Board "65"]

1. d4 d5 2. c4 e6 3. Nf3 Nf6 4. g3 Be7 5. Bg2 O-O 6. O-O dxc4 7. Qc2 a6 8. a4 Bd7 9. Bg5 Bc6 10. Qxc4 Bd5 11. Qd3 Nbd7 12. Nc3 Bxf3 13. Bxf3 c6 14. a5 e5 15. Bxf6 Bxf6 16. d5 cxd5 17. Qxd5 Qc7 18. Rfc1 Rfd8 19. Nb5 Qb8 20. Nd6 Nf8 21. Qxf7+ Kh8 22. Nxb7 Rd7 23. Qb3 h6 24. Be4 Rd4 25. Qf3 Ra7 26. Qf5 Rxb7 27. Rc8 Rxb2 28. Qh7# 1-0


[Site "https://www.chess.com"]

[Event "Titled Tuesday Blitz June 20 Late 2023"]
[White "Golubev, Mikhail"]
[Black "Ionescu, Mihai"]
[WhiteFideId "14100983"]
[BlackFideId "1202499"]
[WhiteElo "2374"]
[BlackElo "2279"]
[Result "0-1"]
[Round "10"]
[TimeControl "180+2"]
[Date "2023.06.20"]
[WhiteClock "0:00:00"]
[BlackClock "0:00:26"]
[Board "66"]

1. e4 e6 2. d4 d5 3. Nc3 Nf6 4. Bg5 dxe4 5. Nxe4 Nbd7 6. Nxf6+ Nxf6 7. Bd3 Bd6 8. Qe2 Bd7 9. O-O-O Bc6 10. Nf3 Be7 11. Ne5 Bxg2 12. Rhg1 Bc6 13. Be3 g6 14. Nxc6 bxc6 15. c4 Qd6 16. Qf3 Rb8 17. Rd2 O-O 18. h4 c5 19. dxc5 Qe5 20. h5 Rfd8 21. Bg5 Rd4 22. hxg6 hxg6 23. Qh3 Rxd3 24. Qxd3 Qxc5 25. Be3 Qf5 26. Qxf5 exf5 27. Bf4 Bb4 28. Rc2 Ne4 29. Rd1 Rc8 30. f3 Nf6 31. c5 c6 32. a3 Ba5 33. b4 Bc7 34. Bg5 Nd5 35. Rcd2 f4 36. Kc2 Be5 37. Rxd5 cxd5 38. Rxd5 f6 39. Bh4 g5 40. Be1 Kf7 41. Rd7+ Ke6 42. Rxa7 f5 43. Bc3 g4 44. Bxe5 Kxe5 45. Re7+ Kd4 46. Rf7 gxf3 47. Rxf5 Ke4 48. Rh5 f2 49. Rh1 Kf3 50. Kc3 Kg2 51. Rd1 f1=Q 52. Rxf1 Kxf1 53. Kd4 f3 0-1


[Site "https://www.chess.com"]

[Event "Titled Tuesday Blitz June 20 Late 2023"]
[White "Liu, Casper"]
[Black "Dilmukhametov, Artur"]
[WhiteFideId "1454153"]
[BlackFideId "24179922"]
[WhiteElo "2221"]
[BlackElo "2242"]
[Result "1-0"]
[Round "10"]
[TimeControl "180+2"]
[Date "2023.06.20"]
[WhiteClock "0:01:11"]
[BlackClock "0:00:38"]
[Board "67"]

1. e4 e6 2. d4 d5 3. e5 c5 4. c3 Qb6 5. Nf3 Nc6 6. Bd3 cxd4 7. cxd4 Bd7 8. O-O Nxd4 9. Nxd4 Qxd4 10. Nc3 a6 11. Re1 Ne7 12. Be3 Qh4 13. g3 Qh3 14. Ne2 Qh5 15. Rc1 Nc6 16. Qb3 Na5 17. Qb6 Nc6 18. Qxb7 Rb8 19. Qc7 Qxe5 20. Rxc6 Qxb2 21. Rb1 Qxb1+ 22. Bxb1 Rxb1+ 23. Kg2 Bxc6 24. Qxc6+ Ke7 25. Qc7+ Kf6 26. Qf4+ Ke7 27. Bc5+ Ke8 28. Qc7 Bxc5 29. Qc8+ Ke7 30. Qxh8 Rb2 31. Nc3 Rxf2+ 32. Kh3 Rc2 33. Qxg7 Bg1 34. Qe5 h5 35. Nxd5+ Kd7 36. Nf6+ Ke7 37. Nd5+ Kd7 38. Nf6+ Ke7 39. Nxh5 f5 40. Kh4 Rc4+ 41. Nf4 Re4 42. Qc7+ Kf6 43. Kh5 Bxh2 44. Kh6 Bg1 45. Qg7# 1-0


[Site "https://www.chess.com"]

[Event "Titled Tuesday Blitz June 20 Late 2023"]
[White "Vlassov, Nikolai"]
[Black "Kujawski, Adam"]
[WhiteFideId "4103360"]
[BlackFideId "1100920"]
[WhiteElo "2324"]
[BlackElo "2054"]
[Result "0-1"]
[Round "10"]
[TimeControl "180+2"]
[Date "2023.06.20"]
[WhiteClock "0:00:00"]
[BlackClock "0:00:01"]
[Board "68"]

1. e4 e5 2. Bc4 Nf6 3. d3 d5 4. exd5 Nxd5 5. Nf3 Nc6 6. O-O Nb6 7. Bb5 Bd6 8. Re1 f6 9. d4 O-O 10. Bxc6 bxc6 11. dxe5 fxe5 12. Ng5 e4 13. Nxe4 Qh4 14. Ng3 Rxf2 15. Kxf2 Qxh2 16. Re3 Be6 17. Nf1 Rf8+ 18. Rf3 Qh4+ 19. g3 Bc5+ 20. Be3 Bxe3+ 21. Kxe3 Nd5+ 22. Kf2 Rxf3+ 23. Qxf3 Qd4+ 24. Kg2 Qxb2 25. Nbd2 Qxa1 26. Ne4 Nf6 27. Nxf6+ Qxf6 28. Qxf6 gxf6 29. a3 Bd5+ 30. Kh3 Kf7 31. Kg4 Kg6 32. Ne3 h5+ 33. Kf4 a5 34. Nf5 Be6 35. Ne7+ Kf7 36. Nxc6 Bd5 37. Nxa5 Ke6 38. c4 Ba8 39. Nb3 Kd6 40. Kf5 Bf3 41. Kxf6 Bd1 42. Nd2 Kc5 43. Ke5 Be2 44. a4 Bxc4 45. a5 Ba6 0-1


[Site "https://www.chess.com"]

[Event "Titled Tuesday Blitz June 20 Late 2023"]
[White "Janaszak, Dawid"]
[Black "Ai, Evan"]
[WhiteFideId "1119206"]
[BlackFideId "2094770"]
[WhiteElo "2220"]
[BlackElo "1963"]
[Result "1-0"]
[Round "10"]
[TimeControl "180+2"]
[Date "2023.06.20"]
[WhiteClock "0:00:36"]
[BlackClock "0:00:06"]
[Board "69"]

1. d4 Nf6 2. c4 e6 3. g4 Nxg4 4. e4 Qh4 5. Qe2 Nc6 6. Nf3 Qf6 7. e5 Qf5 8. Bh3 Bb4+ 9. Nc3 h5 10. Bd2 b6 11. d5 Ncxe5 12. Nxe5 Qxe5 13. Bxg4 Qxe2+ 14. Bxe2 Bb7 15. O-O-O O-O-O 16. Bf3 f6 17. h4 Rde8 18. Rhg1 g5 19. Ne4 Bxd2+ 20. Rxd2 g4 21. Bg2 f5 22. Ng5 e5 23. d6 Bxg2 24. Rxg2 f4 25. Ne4 f3 26. Rg1 Rhf8 27. Rgd1 c6 28. Kc2 Rf4 29. Re1 Rg8 30. Ng3 Rxc4+ 31. Kd3 Rd4+ 32. Kc2 Rc4+ 33. Kd1 Re8 34. Re4 Rc5 35. Nxh5 Rd5 36. Ng3 Rh8 37. h5 Kb7 38. Rxg4 Rxd2+ 39. Kxd2 c5 40. Rg6 Kc6 41. Ke3 Kd5 42. Ne4 Rxh5 43. Nf6+ Ke6 44. Nxh5+ Kf5 45. Rg7 Ke6 46. Rg6+ Kd5 47. Rh6 b5 48. b3 b4 49. Nf6+ Kxd6 50. Ne4+ Kd5 51. Rd6# 1-0


[Site "https://www.chess.com"]